AoeStats
← RIO1000

Enclosed

506389516Analyzed
1v1 RM · 20d ago on Sep 13, 2026· 27m 55s· 2 players
Game mode
Random Map
Map size
Tiny (2 player)
Population
200
Speed
Normal
Resources
Standard
Victory
Conquest
Starting age
Dark Age
Ending age
Imperial Age
RankedLock teamsTeams togetherTeam positionsShared explorationLock speedFull tech treeHidden civsTurbo modeCheats
Victory
Defeat
🇨🇳 Spanish · China
926
+17
🇲🇽 Britons · Mexico
939
-17
stanley
10:15 Feudal Age
14:21 Castle Age
13:09 Double-Bit Axe
13:57 Loom
14:02 Town Watch
15:25 Bow Saw
27:58 Wheelbarrow
27:41 Fletching
RIO1000
7:38 Loom
10:25 Feudal Age
11:07 Double-Bit Axe
16:30 Castle Age
14:33 Horse Collar
22:08 Bow Saw
22:01 Heavy Plow
Connection lost

Rejoining the realm…

Still unreachable

The connection could not be restored.

Session expired

The server has moved on; the page needs a fresh start.